 Dungeon Crawl Stone Soup version 0.28.0 (webtiles) character file.

Game seed: 13961709895935066457

2371 growler the Zephyrmancer (level 9, -3/48 HPs)
             Began as a Tengu Air Elementalist on Feb 12, 2022.
             Slain by a gnoll (10 damage)
             ... on level 7 of the Dungeon.
             The game lasted 00:19:04 (8712 turns).

growler the Zephyrmancer (Tengu Air Elementalist)   Turns: 8712, Time: 00:19:04

Health: -3/48      AC:  3    Str: 10    XL:     9   Next: 45%
Magic:  12/17      EV: 15    Int: 19    God:
Gold:   314        SH:  0    Dex: 14    Spells: 8/18 levels left

rFire   . . .      SeeInvis .   (no weapon)
rCold   + . .      Faith    .   (no shield)
rNeg    . . .      Spirit   .   u - +1 robe {rC+}
rPois   .          Reflect  .   (helmet restricted)
rElec   .          Harm     .   (no cloak)
rCorr   .          Rampage  .   (no gloves)
Will    .....                   (boots unavailable)
Stlth   ++........              (no amulet)
HPRegen 0.16/turn               (no ring)
MPRegen 0.15/turn               (no ring)

@: lethally poisoned (-3 -> -4), flying quickly and evasively, quick
A: beak, talons 3, nimble flight
a: no special abilities


You were on level 7 of the Dungeon.
You visited 2 branches of the dungeon, and saw 9 of its levels.

You collected 314 gold pieces.

Inventory:

Armour
 a - a +0 robe
 u - a +1 robe of cold resistance (worn)
   (You found it on level 5 of the Dungeon)
Jewellery
 x - a ring of resist corrosion
   (You took it off an orc warrior on level 6 of the Dungeon)
 y - a ring of willpower
   (You found it on level 6 of the Dungeon)
Wands
 d - a wand of iceblast (11)
   (You found it on level 8 of the Dungeon)
 t - a wand of flame (15)
   (You found it on level 5 of the Dungeon)
Scrolls
 b - 5 scrolls of teleportation {@r4}
 f - 2 scrolls of enchant armour {unknown}
 h - a scroll of silence {unknown}
 j - a scroll of identify {unknown}
 l - a scroll of amnesia {unknown}
 m - 2 scrolls of vulnerability {!r}
 o - a scroll of acquirement {unknown}
 p - 3 scrolls of enchant weapon {unknown}
 s - 2 scrolls of immolation {unknown}
 v - a scroll of blinking {unknown}
Potions
 c - 3 potions of heal wounds {unknown}
 e - a potion of cancellation {unknown}
 g - 3 potions of haste {unknown}
 i - a potion of magic {unknown}
 k - 2 potions of attraction {unknown}
 n - 2 potions of lignification {unknown}
 q - 3 potions of curing {unknown}
 r - a potion of mutation {unknown}
 w - 2 potions of invisibility {unknown}
 z - a potion of might {unknown}


   Skills:
 + Level 1.9 Fighting
 + Level 3.2 Dodging
 - Level 2.0 Stealth
 - Level 5.0 Spellcasting
 - Level 9.0 Conjurations
 + Level 11.7 Air Magic


You had 8 spell levels left.
You knew the following spells:

 Your Spells              Type           Power      Damage    Failure   Level
a - Shock                 Conj/Air       100%       1d9       1%          1
b - Airstrike             Air            24%        N/A       1%          4
d - Static Discharge      Conj/Air       44%        N/A       1%          2
s - Swiftness             Air            49%        N/A       1%          3

Your spell library contained the following spells:

 Spells                   Type           Power      Damage    Failure   Level
 Corpse Rot               Necr/Air       54%        N/A       1%          2
 Poisonous Vapours        Pois/Air       54%        N/A       1%          2
 Ozocubu's Armour         Ice            4%         N/A       36%         3
 Portal Projectile        Hex/Tloc       8%         N/A       36%         3
 Blade Hands              Tmut           2%         N/A       98%         5
 Excruciating Wounds      Necr           2%         N/A       98%         5
 Metabolic Englaciation   Hex/Ice        2%         N/A       98%         5
 Simulacrum               Ice/Necr       2%         N/A       100%        6
 Ozocubu's Refrigeration  Ice            2%         4d5       100%        7


Dungeon Overview and Level Annotations

Branches:
Dungeon (8/15)             Temple (1/1) D:7
   Lair: D:8-11

Altars:
Ashenzari
Cheibriados
Elyvilon
Gozag
Hepliaklqana
Kikubaaqudgha
Nemelex Xobeh
Okawaru
Qazlal
Trog
Wu Jian
Xom
Yredelemnul
The Shining One

Shops:
D:8 [

Annotations:
D:8 2 transporters, GloriousHammer's ghost, novice TrBe


Innate Abilities, Weirdness & Mutations

You have a beak for a mouth.
You have claws for feet.
Your magical nature lets you fly swiftly and evasively.


Message History

You kill the gnoll!
The lightning grounds out.
The gnoll shouts!
The gnoll sergeant shouts!
The gnoll throws a throwing net.
The throwing net closely misses you.
A gnoll comes into view. It is wielding a +0 halberd.
Found a stone staircase leading up.
The gnoll shouts!
A water moccasin comes into view.
The gnoll hits you from afar with a +0 spear.
You see here a +0 spear.
The gnoll is struck by an arc of lightning!
You are struck by an arc of lightning.
The gnoll is struck by an arc of lightning.
You kill the gnoll!
The lightning grounds out.
The water moccasin hisses angrily.
The gnoll hits you from afar with a +0 spear.
The gnoll misses you.
The gnoll sergeant hits you from afar with a +0 trident!
You see here a throwing net {!f}.
You see here 28 arrows.
There is an open door here.
The water moccasin is struck by an arc of lightning!
The lightning grounds out.
The water moccasin bites you.
You are poisoned.
The water moccasin poisons you!
The water moccasin is struck by an arc of lightning.
You are struck by an arc of lightning.
The water moccasin is struck by an arc of lightning.
The lightning grounds out.
You feel very sick.
The water moccasin closely misses you. x2
Unknown command.
The water moccasin is struck by an arc of lightning.
You kill the water moccasin!
You are struck by an arc of lightning.
* * * LOW HITPOINT WARNING * * *
You feel very sick.
Your Dodging skill increases to level 3!
You feel sick.
You feel sick.
You feel sick.
You feel sick.
You feel sick.
You feel sick.
You feel sick. The gnoll completely misses you.
There is an open door here.
You feel sick.
The gnoll hits you from afar with a +0 halberd!
You die...

### #...g........
######.# #............
#......###.g..........
+.......#..#..........
####....#.g#..........
###'###.###...).....
#...g.#.# ###.......
#g#'#.#.# #......
+g#@#.'.# ##...
#.###.### ## #.....#
###'### #....# ###.##
##.# #.## ##>#


You could see a gnoll sergeant and 2 gnolls.

Vanquished Creatures
  A two-headed ogre (D:6)
  A steam dragon (D:6)
  An acid dragon (D:6)
  A water moccasin (D:7)
  A black bear (D:6)
  An orc warrior (D:6)
  A hornet zombie (D:8)
  2 sky beasts
  A necrophage (D:6)
  2 ogres
  A phantom (D:4)
  3 scorpions
  A howler monkey (D:5)
  A bullfrog zombie (D:3)
  2 hounds (D:5)
  2 jellies
  An orc priest (D:8)
  A scorpion zombie (D:5)
  An iguana (D:5)
  6 gnolls
  2 adders (D:3)
  A river rat (D:3)
  A shadow imp (D:7)
  A white imp (D:5)
  A worm (D:2)
  2 dart slugs
  26 orcs
  7 ball pythons
  3 endoplasms
  8 giant cockroaches
  4 hobgoblins
  3 quokkas (D:1)
  2 bats
  A frilled lizard (D:2)
  12 goblins
  8 kobolds
  5 rats
118 creatures vanquished.

Vanquished Creatures (others)
  A plant (D:5)
1 creature vanquished.

Grand Total: 119 creatures vanquished

Notes
Turn   | Place    | Note
-------+----------+-------------------------------------------
     0 | D:1      | growler the Tengu Air Elementalist began the quest for the
                  | Orb.
     0 | D:1      | Reached XP level 1. HP: 10/10 MP: 4/4
   265 | D:1      | Reached XP level 2. HP: 15/15 MP: 1/6
   383 | D:1      | Learned a level 2 spell: Static Discharge
   605 | D:1      | Found a faded altar of an unknown god.
  1132 | D:2      | Reached XP level 3. HP: 19/19 MP: 5/7
  1589 | D:2      | Found an iron altar of Okawaru.
  1754 | D:3      | Learned a level 3 spell: Swiftness
  2040 | D:3      | Reached skill level 5 in Air Magic
  2040 | D:3      | Reached XP level 4. HP: 24/24 MP: 3/9
  2211 | D:3      | Gained mutation: Your magical nature lets you fly swiftly
                  | and evasively. [Tengu growth]
  2211 | D:3      | Reached XP level 5. HP: 14/28 MP: 0/10
  2216 | D:3      | Learned a level 4 spell: Airstrike
  2779 | D:3      | Found a sparkling altar of Nemelex Xobeh.
  3914 | D:4      | Noticed a phantom
  3959 | D:4      | Noticed an ogre
  3960 | D:4      | Killed a phantom
  3961 | D:4      | Reached skill level 6 in Air Magic
  3961 | D:4      | Reached XP level 6. HP: 5/32 MP: 1/12
  4461 | D:4      | Reached skill level 5 in Conjurations
  4643 | D:4      | Reached XP level 7. HP: 36/36 MP: 10/14
  5028 | D:5      | Entered Level 5 of the Dungeon
  5224 | D:5      | Found a shimmering altar of Xom.
  5225 | D:5      | Found a hazy altar of Hepliaklqana.
  5226 | D:5      | Noticed a spectral ugly thing
  5446 | D:5      | Reached skill level 7 in Air Magic
  6093 | D:5      | Found a glowing golden altar of the Shining One.
  6577 | D:6      | Noticed a steam dragon
  6580 | D:6      | Killed a steam dragon
  6581 | D:6      | Reached skill level 5 in Spellcasting
  6581 | D:6      | Reached skill level 8 in Air Magic
  6581 | D:6      | Reached XP level 8. HP: 41/41 MP: 3/16
  6901 | D:6      | Noticed a two-headed ogre
  7234 | D:6      | Reached skill level 9 in Air Magic
  7510 | D:6      | Killed a two-headed ogre
  7511 | D:6      | Reached skill level 11 in Air Magic
  7511 | D:6      | Reached XP level 9. HP: 35/45 MP: 0/17
  7680 | D:6      | You are sucked into a shaft and drop 2 floors!
  7884 | D:8      | Noticed GloriousHammer's ghost (novice TrBe)
  7885 | D:8      | Found a transporter.
  7889 | D:8      | Found Reacoero's Antique Armour Shoppe.
  7889 | D:8      | Found a transporter.
  7918 | D:8      | Identified the +7 dire flail of Dissent {holy, rPois}
  7938 | D:8      | Reached skill level 1 in Fighting
  8339 | D:7      | Found a staircase to the Ecumenical Temple.
  8352 | Temple   | Entered the Ecumenical Temple
  8712 | D:7      | Slain by a gnoll

Illustrated notes

Levels and vault maps discovered:
D:1:      dpeg_arrival_three_same_balls, layout_basic,
          shapermc_ecumenical_altar_starsandcircs
D:2:      minmay_inner_zag, layout_rooms, basic_altar
D:3:      layout_loops_corners, lemuel_round_altar, portal_sewer_entry_a
D:4:      layout_basic
D:5:      layout_gridville, regret_index_temple_of_mockery, tso_oasis_becter,
          serial_co_window_serial, co_window_paths_b, co_window_paths_b,
          co_window_cross_1, co_window_of_opportunity_a,
          co_window_of_opportunity_a, co_window_corner_b, co_window_2corner,
          co_window_unsneaky_path_c, co_window_of_opportunity_b,
          co_window_unsneaky_path_c, co_window_of_opportunity_b,
          co_window_cross_2, co_window_paths_d, glass_columns_b,
          glass_columns_a, glass_columns_a, glass_columns_b, glass_columns_c
D:6:      layout_rooms
D:7:      layout_cave_pods, mainiacjoe_overflow_alcove_2,
          mainiacjoe_overflow_24_doors, mainiacjoe_overflow_six_doors_small,
          kennysheep_mini_moat, minmay_temple_entry_glassed_door
D:8:      layout_gridville, gammafunk_ghost_smash, serial_shops,
          nicolae_shop_statue_plus, shop_coins
Temple:   jpeg_temple_alley_garden

Skill      XL: |  1  2  3  4  5  6  7  8  9 |
---------------+----------------------------+-----
Conjurations   | 2 3 4 5 7 9 |  9.0
Air Magic      | 5 6 8 11 | 11.7
Spellcasting   | 3 4 5 |  5.0
Fighting       | 1 |  1.9
Dodging        | 3 |  3.2
Stealth        | |  2.0

Action                   |  1- 3 |  4- 6 |  7- 9 || total
-------------------------+-------+-------+-------++-------
Melee: Unarmed           |     4 |     4 |     4 ||    12
       Kick              |     1 |     1 |     2 ||     4
       Peck              |       |       |     2 ||     2
 Cast: Shock             |    78 |    36 |    12 ||   126
       Static Discharge  |       |    36 |    29 ||    65
       Airstrike         |       |       |    38 ||    38
  Use: Scroll            |       |     2 |       ||     2
Armor: Robe              |     1 |     4 |     3 ||     8
Dodge: Dodged            |     6 |    27 |    28 ||    61
